[Event "Titled Tuesday Blitz March 01 Early 2022"]
[White "Durarbayli, Vasif"]
[Black "Csonka, Balazs"]
[WhiteFideId "13402935"]
[BlackFideId "742910"]
[WhiteElo "2528"]
[BlackElo "2404"]
[Result "1-0"]
[Round "11"]
[TimeControl "180+1"]
[Date "2022.03.01"]
[WhiteClock "0:00:05"]
[BlackClock "0:00:03"]

1. e4 e5 2. Nf3 Nc6 3. Bb5 Nf6 4. d3 Ne7 5. Nc3 c6 6. Ba4 d6 7. d4 Ng6 8. h3 Be7 9. O-O O-O 10. Bb3 h6 11. a4 a5 12. Re1 Re8 13. Be3 Bf8 14. Qd3 Nh5 15. dxe5 dxe5 16. Qxd8 Rxd8 17. Red1 Re8 18. Nd2 Nhf4 19. Nc4 Be6 20. Kh2 Bb4 21. Na2 Be7 22. Nxe5 Bxb3 23. cxb3 Bf6 24. Nxg6 Nxg6 25. Nc3 Bxc3 26. bxc3 Rxe4 27. Rd7 b5 28. Rc7 Ra6 29. Bd4 Nf4 30. Kg3 Ne6 31. Kf3 Nxc7 32. Kxe4 Ne6 33. axb5 cxb5 34. Be3 a4 35. Kd5 Ra8 36. bxa4 bxa4 37. Kc4 Kf8 38. Kb4 Rb8+ 39. Ka3 Rb3+ 40. Kxa4 Rxc3 41. Ra2 Rc8 42. Kb4 Rb8+ 43. Kc4 Rc8+ 44. Kd3 Rd8+ 45. Ke2 Nd4+ 46. Kf1 Ne6 47. g3 Re8 48. Ra7 Kg8 49. h4 Nf8 50. h5 Nh7 51. Kg2 Nf6 52. Ra5 Ng4 53. Bd4 Nf6 54. Kf3 Rd8 55. Be3 Nd5 56. Bc5 Nf6 57. g4 Rd3+ 58. Be3 Rd8 59. Ra7 Nd5 60. Bc5 Nf6 61. Ra6 Rc8 62. Be3 Re8 63. Bxh6 Nxg4 64. Kxg4 gxh6 65. Rxh6 Kg7 66. Ra6 Re2 67. f4 Rh2 68. Kg5 Rg2+ 69. Kf5 Rf2 70. h6+ Kh7 71. Ra7 Kxh6 72. Rxf7 Ra2 73. Re7 Ra5+ 74. Kf6 Ra4 75. f5 Ra8 76. Kf7 Ra5 77. f6 Ra8 78. Re8 Ra7+ 79. Re7 Ra8 80. Rd7 Kg5 81. Kg7 1-0


[Site "https://www.chess.com"]

[Event "Titled Tuesday Blitz March 01 Early 2022"]
[White "Dziththauly, Ramadhan"]
[Black "Bryakin, Mikhail"]
[WhiteFideId "7105525"]
[BlackFideId "4165314"]
[WhiteElo "2605"]
[BlackElo "2421"]
[Result "0-1"]
[Round "11"]
[TimeControl "180+1"]
[Date "2022.03.01"]
[WhiteClock "0:00:01"]
[BlackClock "0:00:47"]

1. d4 Nf6 2. c4 g6 3. Nc3 Bg7 4. e4 d6 5. f3 O-O 6. Bg5 a6 7. Qd2 Nc6 8. Nge2 Bd7 9. a4 Nb4 10. Nc1 a5 11. Be2 c6 12. O-O Qc7 13. Nd3 Nxd3 14. Bxd3 e5 15. d5 Nh5 16. Rad1 Qb6+ 17. Be3 Qb4 18. dxc6 bxc6 19. Bb1 Be6 20. Qxd6 Qxb2 21. Rc1 Bxc4 22. Rf2 Qb4 23. Bc5 Qb7 24. Nd1 Ba6 25. Rb2 Qc8 26. Ba2 Nf4 27. Ne3 Ne2+ 28. Rxe2 Bxe2 29. Nc4 Bxc4 30. Bxc4 Re8 31. Qd2 Bf8 32. Be3 Qc7 33. Bb5 Re6 34. Qc3 Bb4 35. Qc2 Rd8 36. h3 Kg7 37. Bc4 Red6 38. Qf2 Qe7 39. Bb6 R8d7 40. Be3 Rd1+ 41. Rxd1 Rxd1+ 42. Kh2 h5 43. Qc2 Re1 44. Bf2 Ra1 45. Qb2 Rxa4 46. Bb3 Ra3 47. Bg3 f6 48. Qc2 Qc5 49. Qd3 Qd4 50. Qc2 Qc3 51. Qd1 Qxb3 52. Qd7+ Qf7 53. Qxc6 Ra2 54. f4 exf4 55. Bxf4 Re2 56. e5 Rxe5 57. Qc1 Qe7 58. Bh6+ Kh7 59. Bf4 Bd6 60. Qc6 Re6 61. Bxd6 Qxd6+ 0-1


[Site "https://www.chess.com"]

[Event "Titled Tuesday Blitz March 01 Early 2022"]
[White "Estrada Nieto, Julian"]
[Black "Kohler, Aran"]
[WhiteFideId "5101018"]
[BlackFideId "1002856"]
[WhiteElo "2246"]
[BlackElo "2265"]
[Result "0-1"]
[Round "11"]
[TimeControl "180+1"]
[Date "2022.03.01"]
[WhiteClock "0:00:01"]
[BlackClock "0:00:09"]

1. e4 c6 2. d4 d5 3. exd5 cxd5 4. Bd3 a6 5. Bf4 Nc6 6. c3 Nf6 7. Nf3 Bg4 8. Nbd2 e6 9. O-O Bd6 10. Bxd6 Qxd6 11. Qb3 O-O 12. Rfe1 Bxf3 13. Nxf3 Na5 14. Qc2 h6 15. a4 Rac8 16. Ne5 Nd7 17. Qe2 Nxe5 18. dxe5 Qe7 19. Bc2 Qg5 20. Qd3 g6 21. g3 Nc4 22. h4 Qd2 23. Re2 Qxd3 24. Bxd3 Kg7 25. Kf1 Na5 26. Ke1 Nb3 27. Rb1 d4 28. Bc2 Na5 29. cxd4 Rfd8 30. Rd1 Rc4 31. Red2 Nc6 32. Be4 Nxd4 33. b3 Rb4 34. f3 f5 35. exf6+ Kxf6 36. Kf2 e5 37. f4 Rxb3 38. fxe5+ Kxe5 39. Bxg6 Rf8+ 40. Kg2 Rb4 41. Re1+ Kd5 42. Be4+ Kc4 43. Rc1+ Kb3 44. Rd3+ Kxa4 45. Ra1+ Kb5 46. Rad1 Nc6 47. Rd5+ Kb6 48. Rd7 Rxe4 49. Rb1+ Rb4 50. Rxb4+ Nxb4 51. Rd6+ Nc6 52. Rxh6 a5 53. Rd6 a4 54. Rd3 Kc5 55. g4 b6 56. g5 b5 57. h5 Rg8 58. g6 b4 59. Rg3 a3 60. h6 a2 61. h7 Rh8 62. g7 a1=Q 63. g8=Q Qb2+ 64. Kh3 Rxh7+ 65. Qxh7 Qe5 66. Qh4 Qf5+ 67. Rg4 Ne5 68. Kg3 Qd3+ 0-1


[Site "https://www.chess.com"]

[Event "Titled Tuesday Blitz March 01 Early 2022"]
[White "Fus, Jakub"]
[Black "Costachi, Mihnea"]
[WhiteFideId "1193023"]
[BlackFideId "1217518"]
[WhiteElo "2111"]
[BlackElo "2464"]
[Result "0-1"]
[Round "11"]
[TimeControl "180+1"]
[Date "2022.03.01"]
[WhiteClock "0:00:19"]
[BlackClock "0:01:06"]

1. e4 c5 2. Nf3 d6 3. d4 cxd4 4. Qxd4 Nf6 5. Bg5 Nc6 6. Bb5 Bd7 7. Bxc6 Bxc6 8. Nc3 e5 9. Qd3 Be7 10. Bxf6 gxf6 11. O-O Rg8 12. Nd2 f5 13. Nd5 fxe4 14. Nxe4 f5 15. Ng3 f4 16. Nf5 Bf8 17. g3 Rg5 18. Rfe1 Rxf5 19. Qxf5 Bxd5 20. Qxf4 Qe7 21. Qg4 Be6 22. Qh5+ Qf7 23. Qe2 O-O-O 24. b3 Bd5 25. c4 Bc6 26. c5 dxc5 27. Qg4+ Kb8 28. Rxe5 Bg7 29. Rf5 Qd7 30. Qf4+ Ka8 31. Rf1 Bd4 32. Rf8 a6 33. Rxd8+ Qxd8 34. h4 Qd5 0-1


[Site "https://www.chess.com"]

[Event "Titled Tuesday Blitz March 01 Early 2022"]
[White "Gabdrakhmanov, Azat"]
[Black "Bambino Filho, Antonio Carlos"]
[WhiteFideId "34189197"]
[BlackFideId "2113163"]
[WhiteElo "2279"]
[BlackElo "2458"]
[Result "0-1"]
[Round "11"]
[TimeControl "180+1"]
[Date "2022.03.01"]
[WhiteClock "0:00:01"]
[BlackClock "0:00:20"]

1. e4 c5 2. Nf3 d6 3. d4 cxd4 4. Nxd4 Nf6 5. Nc3 a6 6. Be3 e5 7. Nb3 Be6 8. Qd2 Be7 9. f3 O-O 10. O-O-O b5 11. g4 Qc7 12. g5 b4 13. Ne2 Nfd7 14. Kb1 Rc8 15. f4 a5 16. f5 Bc4 17. f6 Bf8 18. fxg7 Bxg7 19. Ng3 a4 20. Bxc4 Qxc4 21. Nc1 Bf8 22. Qd3 Qc6 23. Rhf1 Na6 24. Nf5 Nac5 25. Qc4 Ne6 26. Qxc6 Rxc6 27. Nd3 Rb8 28. Bd2 b3 29. cxb3 axb3 30. a3 Ndc5 31. Nb4 Rcc8 32. Rfe1 Nd4 33. Nxd4 exd4 34. Bf4 Ne6 35. Bd2 Nc5 36. Bc1 Bg7 37. Nd5 Re8 38. Bf4 Rxe4 39. Bxd6 Rxe1 40. Rxe1 Nd3 41. Bxb8 Nxe1 42. a4 d3 43. Ba7 Be5 44. Ne3 d2 45. Nd1 Bxh2 46. Be3 Nf3 47. a5 Bb8 48. a6 Kg7 49. a7 Bxa7 50. Bxa7 Nxg5 51. Be3 Nf3 52. Nc3 h5 53. Nd1 Kg6 54. Bf4 Kf5 0-1


[Site "https://www.chess.com"]

[Event "Titled Tuesday Blitz March 01 Early 2022"]
[White "Garriga Cazorla, Pere"]
[Black "Ter-Sahakyan, Samvel"]
[WhiteFideId "32011601"]
[BlackFideId "13302531"]
[WhiteElo "2458"]
[BlackElo "2592"]
[Result "1/2-1/2"]
[Round "11"]
[TimeControl "180+1"]
[Date "2022.03.01"]
[WhiteClock "0:01:06"]
[BlackClock "0:01:00"]

1. d4 Nf6 2. c4 e6 3. Nc3 Bb4 4. Qc2 O-O 5. Nf3 d5 6. cxd5 exd5 7. Bg5 c5 8. dxc5 Be6 9. e3 Nbd7 10. Be2 Nxc5 11. O-O Rc8 12. Nd4 Nce4 13. Bxf6 Nxf6 14. Rac1 Bxc3 15. bxc3 Qe7 16. Rfd1 Rfd8 17. Qb3 b6 18. Ba6 Rc7 19. Nxe6 Qxe6 20. c4 h6 21. h3 Rc5 22. cxd5 Rdxd5 23. Rxc5 Rxd1+ 24. Qxd1 bxc5 25. Qd8+ Kh7 26. Qd3+ g6 27. Bc4 Qe7 28. Qc3 h5 29. Qb2 Ne4 30. Bd5 Nf6 31. Bc4 Ne4 32. Bd5 1/2-1/2


[Site "https://www.chess.com"]

[Event "Titled Tuesday Blitz March 01 Early 2022"]
[White "Gatterer, Florian"]
[Black "Sovetbekova, Nurai"]
[WhiteFideId "811688"]
[BlackFideId "13801910"]
[WhiteElo "2218"]
[BlackElo "1545"]
[Result "1-0"]
[Round "11"]
[TimeControl "180+1"]
[Date "2022.03.01"]
[WhiteClock "0:01:07"]
[BlackClock "0:00:06"]

1. c4 e5 2. g3 Nf6 3. Bg2 d5 4. cxd5 Nxd5 5. Nf3 Nc6 6. d4 Bb4+ 7. Bd2 e4 8. Ne5 e3 9. fxe3 Nxe3 10. Bxc6+ bxc6 11. Qa4 Bxd2+ 12. Kxd2 Nf5 13. Qxc6+ Kf8 14. Qc5+ Kg8 15. e3 Bb7 16. Rf1 Qg5 17. Rf4 Rd8 18. Qxc7 Nd6 19. Nc3 Rc8 20. Qd7 f6 21. Qe6+ Kf8 22. Nd7# 1-0


[Site "https://www.chess.com"]

[Event "Titled Tuesday Blitz March 01 Early 2022"]
[White "Goltseva, Ekaterina"]
[Black "Gabrielian, Artur"]
[WhiteFideId "24173770"]
[BlackFideId "4131002"]
[WhiteElo "2140"]
[BlackElo "2440"]
[Result "0-1"]
[Round "11"]
[TimeControl "180+1"]
[Date "2022.03.01"]
[WhiteClock "0:00:02"]
[BlackClock "0:00:35"]

1. d4 Nf6 2. c4 c5 3. d5 e6 4. Nc3 exd5 5. cxd5 d6 6. e4 g6 7. Nge2 h5 8. Bg5 Nbd7 9. Nf4 a6 10. a4 Qa5 11. Bd3 Nh7 12. h4 Nxg5 13. hxg5 Bg7 14. Ra3 Ne5 15. Kf1 Qd8 16. Nh3 Bxh3 17. Rxh3 Qxg5 18. Be2 h4 19. Rb3 O-O 20. Rxb7 Rfb8 21. Qb3 Qd8 22. Bxa6 c4 23. Qb4 Nd3 24. Qb5 Nc5 25. Rxb8 Rxb8 26. Qc6 Rxb2 27. Bb5 Nd3 28. Qxc4 Nxf2 29. Rf3 Ng4 30. Nd1 Nh2+ 31. Kg1 Nxf3+ 32. gxf3 Rd2 33. Ne3 Bd4 34. Qb3 Qg5+ 0-1


[Site "https://www.chess.com"]

[Event "Titled Tuesday Blitz March 01 Early 2022"]
[White "Golubenko, Valentina"]
[Black "Mohammadian, Mohammad"]
[WhiteFideId "4501993"]
[BlackFideId "12566055"]
[WhiteElo "2164"]
[BlackElo "1543"]
[Result "1-0"]
[Round "11"]
[TimeControl "180+1"]
[Date "2022.03.01"]
[WhiteClock "0:01:50"]
[BlackClock "0:01:03"]

1. d4 Nf6 2. g3 g6 3. Bg2 Bg7 4. Nf3 d5 5. O-O O-O 6. c4 c6 7. Nc3 Bf5 8. b3 Nbd7 9. Ne5 Re8 10. cxd5 cxd5 11. Bf4 e6 12. Rc1 Nxe5 13. Bxe5 Nd7 14. Bxg7 Kxg7 15. e4 dxe4 16. Nxe4 Bxe4 17. Bxe4 Qb6 18. Bg2 Nf6 19. Qd2 Red8 20. Rfd1 Nd5 21. h4 h5 22. Qg5 Nf6 23. Qe5 Rd7 24. Rc5 Rad8 25. Rd3 Qa6 26. Rf3 Rd5 27. Qxf6+ Kh6 28. Rxd5 Rxd5 29. Qh8# 1-0


[Site "https://www.chess.com"]

[Event "Titled Tuesday Blitz March 01 Early 2022"]
[White "Golubev, Mikhail"]
[Black "Kanyamarala, Trisha"]
[WhiteFideId "14100983"]
[BlackFideId "45004722"]
[WhiteElo "2374"]
[BlackElo "2002"]
[Result "1-0"]
[Round "11"]
[TimeControl "180+1"]
[Date "2022.03.01"]
[WhiteClock "0:01:04"]
[BlackClock "0:00:18"]

1. e4 c5 2. Nf3 d6 3. d4 cxd4 4. Nxd4 Nf6 5. Nc3 Nc6 6. Bc4 e6 7. Be3 Be7 8. Qe2 a6 9. O-O-O Qc7 10. Bb3 b5 11. Nxc6 Qxc6 12. Bd4 Bb7 13. Rhe1 O-O-O 14. Nd5 exd5 15. exd5 Qd7 16. Qxe7 Qxe7 17. Rxe7 Rd7 18. Bxf6 gxf6 19. Rde1 Kd8 20. Rxd7+ Kxd7 21. Kd2 Rg8 22. g3 Rg5 23. h4 Rg4 24. Re3 a5 25. c3 Rg7 26. a3 a4 27. Ba2 f5 28. Rf3 f6 29. Rxf5 Ke7 30. Bb1 Bc8 31. Rh5 f5 32. Bxf5 Bxf5 33. Rxf5 h6 34. Ke3 Rg4 35. Kf3 Rc4 36. Rh5 Rc5 37. Ke4 Rc4+ 38. Kd3 Rc5 39. Kc2 Rc4 40. Rxh6 1-0


[Site "https://www.chess.com"]

[Event "Titled Tuesday Blitz March 01 Early 2022"]
[White "Gormally, Daniel W"]
[Black "Manolache, Marius"]
[WhiteFideId "406465"]
[BlackFideId "1201530"]
[WhiteElo "2543"]
[BlackElo "2389"]
[Result "0-1"]
[Round "11"]
[TimeControl "180+1"]
[Date "2022.03.01"]
[WhiteClock "0:00:25"]
[BlackClock "0:01:13"]

1. d4 Nf6 2. c4 g6 3. Nc3 Bg7 4. e4 O-O 5. Nge2 d6 6. h3 a6 7. Ng3 c6 8. Be2 b5 9. e5 Ne8 10. f4 Qc7 11. O-O Bb7 12. Be3 c5 13. dxc5 dxe5 14. f5 Nd7 15. Nd5 Bxd5 16. cxd5 Nef6 17. Rc1 Rfd8 18. fxg6 hxg6 19. Bf3 Rab8 20. d6 exd6 21. cxd6 Qa5 22. Qb3 Qa4 23. Ne4 Qxb3 24. axb3 Nxe4 25. Bxe4 Nf6 26. Rxf6 Bxf6 27. Rc6 a5 28. Bb6 Rd7 29. Bxa5 Bd8 30. Bc3 Rb6 31. Bxe5 Rxc6 32. Bxc6 Bb6+ 33. Kf1 Ra7 34. d7 Bd8 35. Bxb5 Ra5 0-1


[Site "https://www.chess.com"]

[Event "Titled Tuesday Blitz March 01 Early 2022"]
[White "Goryachkina, Aleksandra"]
[Black "Batsiashvili, Nino"]
[WhiteFideId "4147103"]
[BlackFideId "13602993"]
[WhiteElo "2426"]
[BlackElo "2230"]
[Result "1/2-1/2"]
[Round "11"]
[TimeControl "180+1"]
[Date "2022.03.01"]
[WhiteClock "0:00:06"]
[BlackClock "0:00:13"]

1. e4 e5 2. Nf3 Nc6 3. d4 exd4 4. Nxd4 Nf6 5. Nxc6 bxc6 6. e5 Qe7 7. Qe2 Nd5 8. g3 a5 9. Bg2 g6 10. O-O Bg7 11. c4 Nb6 12. Re1 O-O 13. Nc3 Ba6 14. b3 Rfe8 15. Bb2 Qxe5 16. Qd2 Qd4 17. Qc2 d5 18. Na4 Qg4 19. Nxb6 cxb6 20. cxd5 cxd5 21. Bxg7 Kxg7 22. Qb2+ Kg8 23. Bxd5 Rxe1+ 24. Rxe1 Rf8 25. Qf6 Qd7 26. Qxb6 Qxd5 27. Qxa6 Ra8 28. Qe2 a4 29. bxa4 Qa5 30. Qe4 Qxa4 31. Qxa4 Rxa4 32. Re2 Kg7 33. Kf1 Kf6 34. h4 Kf5 35. Kg2 h5 36. Rb2 Ra3 37. Kf1 f6 38. Ke2 Kg4 39. Rc2 g5 40. hxg5 fxg5 41. Rb2 h4 42. gxh4 gxh4 43. Kf1 h3 44. Kg1 Kf4 45. Kh2 Kg4 46. Rb4+ Kf5 47. Rb2 Kf4 48. Re2 Kg4 49. Rb2 Kf4 50. Rb4+ Kf5 1/2-1/2


[Site "https://www.chess.com"]

[Event "Titled Tuesday Blitz March 01 Early 2022"]
[White "Gunina, Valentina"]
[Black "Zierk, Steven"]
[WhiteFideId "4167570"]
[BlackFideId "2034255"]
[WhiteElo "2465"]
[BlackElo "2494"]
[Result "0-1"]
[Round "11"]
[TimeControl "180+1"]
[Date "2022.03.01"]
[WhiteClock "0:00:03"]
[BlackClock "0:00:04"]

1. d4 d5 2. c4 dxc4 3. Nf3 Nf6 4. e3 e6 5. Bxc4 a6 6. O-O c5 7. Re1 Be7 8. e4 b5 9. Bd3 cxd4 10. e5 Nd5 11. Nxd4 Bb7 12. Nc3 Nb4 13. Be4 Bxe4 14. Nxe4 N8c6 15. Be3 Nxd4 16. Bxd4 O-O 17. Re3 Nc2 18. Qxc2 Qxd4 19. Ng3 Rac8 20. Qe2 Rfd8 21. Re1 Bb4 22. Rf1 Qd2 23. Qg4 Rc1 24. Re2 Rxf1+ 25. Nxf1 Qc1 26. Qxb4 Rd1 27. h3 Rxf1+ 28. Kh2 Rh1+ 29. Kg3 Rd1 30. Qe7 g5 31. Re3 Qxb2 32. Qxg5+ Kf8 33. Rf3 Rd5 34. Qh6+ Ke8 35. Re3 Rxe5 36. Rb3 Qxa2 37. Rd3 Qc4 38. Qxh7 Rg5+ 39. Kh2 Qf4+ 40. Kg1 Qc1+ 41. Kh2 Qf4+ 42. Kg1 Qc1+ 43. Kh2 Qc7+ 44. g3 Rd5 45. Qh8+ Ke7 46. Qh4+ Kd7 47. Rf3 Kc6 48. Rc3+ Rc5 49. Rf3 Qd7 50. Qe4+ Kb6 51. Qe3 f5 52. h4 b4 53. Rf4 Qb5 54. h5 b3 55. Qxe6+ Rc6 56. Qe3+ Kb7 57. Qe7+ Rc7 58. Qe1 b2 59. Qh1+ Ka7 60. Qb1 Rc1 0-1


[Site "https://www.chess.com"]

[Event "Titled Tuesday Blitz March 01 Early 2022"]
[White "Guseva, Marina"]
[Black "Lakshmi C"]
[WhiteFideId "4149351"]
[BlackFideId "25035347"]
[WhiteElo "2232"]
[BlackElo "1775"]
[Result "1-0"]
[Round "11"]
[TimeControl "180+1"]
[Date "2022.03.01"]
[WhiteClock "0:02:08"]
[BlackClock "0:02:19"]

1. d4 Nf6 2. Nf3 g6 3. Bf4 Bg7 4. e3 d6 5. Be2 O-O 6. O-O Re8 7. h3 Nbd7 8. Nc3 e5 9. dxe5 Nh5 10. Bg5 f6 11. exf6 Bxf6 12. Bxf6 Nhxf6 13. Nd4 a6 14. Bc4+ Kh8 15. Ne6 Qe7 16. Nxc7 Ne5 17. Nxe8 Nxe8 18. Qd4 Bf5 19. f4 1-0


[Site "https://www.chess.com"]

[Event "Titled Tuesday Blitz March 01 Early 2022"]
[White "Dronavalli, Harika"]
[Black "Shuvalov, Evgenij"]
[WhiteFideId "5015197"]
[BlackFideId "4187237"]
[WhiteElo "2382"]
[BlackElo "2119"]
[Result "1-0"]
[Round "11"]
[TimeControl "180+1"]
[Date "2022.03.01"]
[WhiteClock "0:00:44"]
[BlackClock "0:00:12"]

1. d4 Nf6 2. c4 g6 3. g3 c6 4. Bg2 d5 5. Nf3 Bg7 6. b3 dxc4 7. bxc4 c5 8. Bb2 Qb6 9. Qb3 Nc6 10. d5 Na5 11. Qxb6 axb6 12. Nbd2 O-O 13. O-O Bf5 14. Ne1 Ng4 15. Bxg7 Kxg7 16. e4 Bd7 17. Nd3 f6 18. Rfb1 Ra6 19. Bf1 Rfa8 20. Rb2 Ne5 21. Nxe5 fxe5 22. Rab1 Kf7 23. Nf3 Ba4 24. Rxb6 Ke8 25. Nxe5 Bc2 26. Rxa6 Rxa6 27. Re1 Rb6 28. Bd3 Rb2 29. Re2 Rb1+ 30. Kg2 Bxd3 31. Nxd3 Nxc4 32. Nxc5 Ne5 33. Nb3 Kd7 34. h3 Kd6 35. f4 Nc4 36. h4 h5 37. Nd2 Kc5 38. Nxc4 Kxc4 39. Kf3 Rd1 40. Rb2 b5 41. Rc2+ Kd4 42. Rb2 Rd3+ 43. Kf2 Kxe4 44. Rxb5 Ra3 45. Rb2 Kxd5 46. Re2 Ra7 47. Ke1 Kd4 48. Kd1 Kd3 49. Rb2 Rc7 50. Rb3+ Ke4 51. a3 Ra7 52. Kc2 Kf5 53. Re3 Kg4 54. Kb2 Rb7+ 55. Ka2 Ra7 56. Kb3 Rb7+ 57. Kc4 Rc7+ 58. Kb5 Rb7+ 59. Ka6 Rb1 60. a4 Rb2 61. a5 Rb1 62. Ka7 Rb2 63. a6 Rb1 64. Ka8 Rb2 65. a7 Rb1 66. Rxe7 Kxg3 67. Rb7 Ra1 68. Rb6 Kxh4 69. Rxg6 Ra4 70. Kb7 Rb4+ 71. Rb6 Ra4 72. Ra6 Rb4+ 73. Kc6 Rc4+ 74. Kd5 Rc8 75. a8=Q Rxa8 76. Rxa8 Kg3 77. Ke4 h4 78. Rg8+ Kh2 79. f5 h3 80. f6 Kh1 81. Rh8 h2 82. Rxh2+ Kxh2 83. f7 Kg3 84. f8=Q 1-0


[Site "https://www.chess.com"]

[Event "Titled Tuesday Blitz March 01 Early 2022"]
[White "Heinemann, Josefine"]
[Black "Kadam, Om Manish"]
[WhiteFideId "12900460"]
[BlackFideId "45076294"]
[WhiteElo "2300"]
[BlackElo "1729"]
[Result "1/2-1/2"]
[Round "11"]
[TimeControl "180+1"]
[Date "2022.03.01"]
[WhiteClock "0:01:00"]
[BlackClock "0:00:19"]

1. Nf3 Nf6 2. g3 g6 3. Bg2 Bg7 4. O-O O-O 5. d4 d5 6. c4 c6 7. cxd5 cxd5 8. Ne5 Nc6 9. Nxc6 bxc6 10. Nc3 Re8 11. Bf4 Nh5 12. Be3 Rb8 13. Qd2 e5 14. dxe5 Bxe5 15. Bxa7 Rb7 16. Bd4 Bxd4 17. Qxd4 Rxb2 18. a4 Qf6 19. Qxf6 Nxf6 20. e3 Ba6 21. Rfc1 Reb8 22. Bf1 Bxf1 23. Kxf1 Ng4 24. Nd1 Rd2 25. a5 Ne5 26. a6 Ra8 27. a7 Kg7 28. Rcb1 Nc4 29. Ke1 Rc2 30. Rb8 Rxa7 31. Rxa7 Ne5 32. Kf1 Rc1 33. Ke2 Rc2+ 34. Ke1 Nd3+ 35. Kf1 Rd2 36. Nc3 Rxf2+ 37. Kg1 Rc2 38. Na4 Rc1+ 39. Kg2 Rc2+ 40. Kf1 Rf2+ 41. Kg1 Re2 42. Rb6 Re1+ 43. Kg2 Re2+ 44. Kf1 Re1+ 45. Kg2 Re2+ 46. Kh3 Nf2+ 47. Kg2 Nd3+ 1/2-1/2


[Site "https://www.chess.com"]

[Event "Titled Tuesday Blitz March 01 Early 2022"]
[White "Iljin, Timofey"]
[Black "Coto Mederos, Michel"]
[WhiteFideId "14110180"]
[BlackFideId "3508528"]
[WhiteElo "2396"]
[BlackElo "2427"]
[Result "0-1"]
[Round "11"]
[TimeControl "180+1"]
[Date "2022.03.01"]
[WhiteClock "0:00:04"]
[BlackClock "0:00:23"]

1. e4 e5 2. d4 exd4 3. c3 d5 4. exd5 Qxd5 5. cxd4 Nf6 6. Nf3 Bg4 7. Be2 Nc6 8. Nc3 Bb4 9. O-O Bxc3 10. bxc3 O-O 11. h3 Bxf3 12. Bxf3 Qd7 13. Bg5 Nd5 14. Qb3 Nb6 15. Rfe1 Rfe8 16. Qb5 Nxd4 17. Qd3 Nxf3+ 18. Qxf3 c6 19. Kh2 h6 20. Bf4 Qd5 21. Qg3 Kh7 22. a4 Nc4 23. Rad1 Qf5 24. Bc7 a5 25. Qh4 b5 26. Qd4 Rac8 27. Bg3 Nb2 28. Rxe8 Rxe8 29. Rd2 Nxa4 30. Qa7 Nxc3 31. Qxa5 Ne4 32. Re2 Re6 33. Re3 Nxg3 34. Rxg3 Qxf2 35. Qa1 Qf6 36. Qb1+ g6 37. Qc1 Qe5 38. Qc2 h5 39. h4 Qf4 40. Kh3 Re4 41. Kh2 Qxh4+ 42. Rh3 Qf4+ 43. g3 Qe5 44. Qd1 Re2+ 45. Kg1 Re1+ 46. Kf2 Qe3+ 47. Kg2 Rxd1 48. g4 Rd2+ 49. Kf1 Qf2# 0-1


[Site "https://www.chess.com"]

[Event "Titled Tuesday Blitz March 01 Early 2022"]
[White "Indjic, Aleksandar"]
[Black "Hess, Robert"]
[WhiteFideId "911925"]
[BlackFideId "2022036"]
[WhiteElo "2616"]
[BlackElo "2557"]
[Result "1-0"]
[Round "11"]
[TimeControl "180+1"]
[Date "2022.03.01"]
[WhiteClock "0:01:27"]
[BlackClock "0:00:02"]

1. d4 g6 2. e4 Bg7 3. Nc3 d6 4. Be3 a6 5. g4 b5 6. h4 h5 7. gxh5 Rxh5 8. Bg2 Bb7 9. Nge2 Nf6 10. Ng3 Rh7 11. h5 b4 12. Nd5 Bxd5 13. exd5 gxh5 14. Nxh5 Rxh5 15. Rxh5 Nxh5 16. Qxh5 Nd7 17. Qg5 Bf8 18. O-O-O Qb8 19. Rh1 Qb5 20. Bf1 Qb7 21. Rh8 O-O-O 22. Qf5 e6 23. dxe6 fxe6 24. Qxe6 Kb8 25. Qxd7 Rxd7 26. Rxf8+ Qc8 27. Rxc8+ Kxc8 28. Bh3 1-0


[Site "https://www.chess.com"]

[Event "Titled Tuesday Blitz March 01 Early 2022"]
[White "Iskusnyh, Sergei"]
[Black "Rozhkov, Viacheslav"]
[WhiteFideId "4120027"]
[BlackFideId "4181484"]
[WhiteElo "2492"]
[BlackElo "2324"]
[Result "1-0"]
[Round "11"]
[TimeControl "180+1"]
[Date "2022.03.01"]
[WhiteClock "0:02:06"]
[BlackClock "0:00:30"]

1. d4 d5 2. c4 dxc4 3. e3 Nf6 4. Bxc4 a6 5. Nf3 e6 6. O-O c5 7. Nc3 b5 8. Be2 Bb7 9. dxc5 Bxc5 10. Qxd8+ Kxd8 11. Nd2 Nbd7 12. Nb3 Bb6 13. a4 b4 14. a5 bxc3 15. axb6 Nxb6 16. bxc3 Kc7 17. Na5 Bd5 18. c4 Bc6 19. Bb2 Be4 20. f3 Bg6 21. Be5+ Kc8 22. e4 Nbd7 23. Bd6 Ne8 24. Be7 1-0


[Site "https://www.chess.com"]

[Event "Titled Tuesday Blitz March 01 Early 2022"]
[White "Jaferian, Koosha"]
[Black "Rustemov, Alexander"]
[WhiteFideId "12507440"]
[BlackFideId "4119002"]
[WhiteElo "2027"]
[BlackElo "2789"]
[Result "0-1"]
[Round "11"]
[TimeControl "180+1"]
[Date "2022.03.01"]
[WhiteClock "0:00:02"]
[BlackClock "0:00:30"]

1. e4 e6 2. d4 d5 3. Bd3 dxe4 4. Bxe4 Nf6 5. Bf3 Be7 6. Ne2 O-O 7. O-O Nbd7 8. Ng3 e5 9. Nf5 Re8 10. Nxe7+ Qxe7 11. Bg5 h6 12. Be3 exd4 13. Bxd4 Ne5 14. Bxe5 Qxe5 15. Nc3 Bf5 16. Re1 Qxe1+ 17. Qxe1 Rxe1+ 18. Rxe1 c6 19. Re2 Kf8 20. Nd1 Rd8 21. Ne3 Be6 22. a3 a5 23. Kf1 g5 24. h3 h5 25. g4 Rd4 26. gxh5 Bxh3+ 27. Ke1 Rf4 28. Bg2 Be6 29. Rd2 Ke7 30. h6 Rh4 31. Re2 Kd6 32. Rd2+ Kc7 33. Bf1 Rxh6 34. Be2 Rh1+ 35. Nf1 Nd5 36. Rd3 Nf4 37. Rg3 Nxe2 38. Kxe2 Bc4+ 39. Ke3 Rxf1 40. Rxg5 a4 41. Rg4 b5 42. Rf4 Rb1 43. Kd2 Rxb2 44. Kc1 Ra2 45. Kb1 Rxa3 46. Kb2 Rh3 0-1


[Site "https://www.chess.com"]

[Event "Titled Tuesday Blitz March 01 Early 2022"]
[White "Jary, Sergey"]
[Black "Molina, Roberto Junio Brito"]
[WhiteFideId "14110350"]
[BlackFideId "2109450"]
[WhiteElo "2260"]
[BlackElo "2402"]
[Result "0-1"]
[Round "11"]
[TimeControl "180+1"]
[Date "2022.03.01"]
[WhiteClock "0:00:01"]
[BlackClock "0:00:15"]

1. e4 c6 2. d4 d5 3. Nd2 dxe4 4. Nxe4 Nd7 5. Nf3 Ngf6 6. Ng3 e6 7. Bd3 c5 8. O-O cxd4 9. Nxd4 Bc5 10. c3 O-O 11. Qe2 Re8 12. Re1 b6 13. Qf3 Rb8 14. Bg5 Bb7 15. Ne4 Be7 16. Rad1 Ne5 17. Qg3 Nxd3 18. Bxf6 Bxf6 19. Nxf6+ Qxf6 20. Rxd3 Rbd8 21. Red1 Bd5 22. a3 g6 23. h3 Rd7 24. Kh2 Red8 25. Nb5 a6 26. Nd4 b5 27. Nc2 e5 28. Kg1 Be6 29. Rxd7 Rxd7 30. Rxd7 Bxd7 31. Nb4 Qd6 32. Qe3 a5 33. Nd3 f6 34. b4 a4 35. f3 Kf7 36. h4 h5 37. Nc5 Bc6 38. Qh6 f5 39. Qe3 Qd5 40. Kf2 e4 41. fxe4 fxe4 42. Qf4+ Ke7 43. Ke3 Ke8 44. Qxe4+ Kf7 45. Qxd5+ Bxd5 46. g3 Kf6 47. Kd4 Bg2 48. Ne4+ Kf5 49. Nd6+ Kg4 50. Nxb5 Kxg3 51. Nd6 Kxh4 52. c4 Kg3 53. Nf7 h4 54. Ng5 Kg4 55. Nh7 h3 56. Nf6+ Kh4 57. c5 h2 58. b5 h1=Q 59. c6 Qg1+ 60. Ke5 Qc5+ 61. Kf4 Qg5# 0-1


[Site "https://www.chess.com"]

[Event "Titled Tuesday Blitz March 01 Early 2022"]
[White "Kaplan, Ebru"]
[Black "Silva, Mariana Sofia T."]
[WhiteFideId "6315194"]
[BlackFideId "1911899"]
[WhiteElo "1941"]
[BlackElo "1825"]
[Result "1-0"]
[Round "11"]
[TimeControl "180+1"]
[Date "2022.03.01"]
[WhiteClock "0:00:23"]
[BlackClock "0:00:09"]

1. e4 c6 2. d4 d5 3. exd5 cxd5 4. c4 Nf6 5. Nc3 Nc6 6. Bg5 e6 7. Nf3 h6 8. Bh4 Be7 9. Bd3 dxc4 10. Bxc4 O-O 11. O-O b6 12. Re1 Bb7 13. a3 Rc8 14. d5 exd5 15. Bxf6 Bxf6 16. Nxd5 Bxb2 17. Ra2 Bf6 18. Rd2 Kh8 19. Ne7 Nd4 20. Rxd4 Bxd4 21. Nxc8 Bxf3 22. gxf3 Qg5+ 23. Kf1 Qc5 24. Ba6 Bxf2 25. Re2 Bd4 26. Rd2 Be3 27. Rd8 Rxd8 28. Qxd8+ Kh7 29. Bd3+ g6 30. Qd7 Qc1+ 31. Kg2 Qd2+ 32. Kh3 Kg7 33. Nd6 Qxd3 34. Ne8+ Kh7 35. Qxd3 Bc5 36. Qd7 Kg8 37. Nd6 h5 38. Qxf7+ Kh8 39. Ne4 Bd4 40. Nf6 1-0


[Site "https://www.chess.com"]